 Dungeon Crawl Stone Soup version 0.31-a0-233-g139696dc86 (webtiles) character file.

Game seed: 3991582263261951760

8 Iich the Trooper (level 2, -1/27 HPs)
             Began as a Hill Orc Fighter on July 7, 2023.
             Was a Follower of Kikubaaqudgha.
             Slain by a hobgoblin (2 damage)
             ... on level 1 of the Dungeon on July 8, 2023.
             The game lasted 00:01:31 (159 turns).

Iich the Trooper (Hill Orc Fighter)                  Turns: 159, Time: 00:01:32

Health: -1/27      AC:  6    Str: 18    XL:     2   Next: 8%
Magic:  2/2        EV:  6    Int:  8    God:    Kikubaaqudgha [*.....]
Gold:   0          SH:  4    Dex: 10    Spells: 1/1 levels left

rFire   . . .        a - +0 war axe
rCold   . . .        c - +0 buckler
rNeg    . . .        b - +0 scale mail
rPois   .            (no helmet)
rElec   .            (no cloak)
rCorr   .            (no gloves)
SInv    .            (no boots)
Will    .....        (no amulet) Stlth
                     (no ring)
HPRegen 0.24/turn    (no ring)
MPRegen 0.08/turn

%: no passive effects
@: constricted
A: no striking features
a: Renounce Religion, Unearth Wretches


You were on level 1 of the Dungeon.
You worshipped Kikubaaqudgha.
Kikubaaqudgha was aware of your devotion.
You visited 1 branch of the dungeon, and saw 1 of its levels.

Inventory:

Hand Weapons
 a - a +0 war axe (weapon)
Armour
 b - a +0 scale mail (worn)
 c - a +0 buckler (worn)
Scrolls
 e - a scroll of amnesia {unknown}
 f - a scroll of torment {unknown}
Potions
 d - a potion of might


   Skills:
 + Level 3.8 Fighting
 * Level 3.4 Axes
 - Level 3.2 Armour
 - Level 3.2 Shields


You had one spell level left.
You didn't know any spells.
Your spell library contained the following spells:

 Spells                   Type           Power      Damage    Failure   Level
 Kiss of Death            Conj/Necr      0%         2d5       86%         1
 Necrotise                Necr           0%         1d4       86%         1
 Cigotuvi's Dreadful Rot  Necr/Pois/Air  0%         N/A       95%         2
 Vampiric Draining        Necr           0%         2d6       99%         3


Dungeon Overview and Level Annotations

Branches:
Dungeon (1/15)

Altars:
Kikubaaqudgha


Message History

You block the kobold's attack.
The ball python bites you but does no damage.
The ball python constricts you. The hobgoblin completely misses you.
The kobold hits you but does no damage. You block the ball python's attack.
The ball python constricts you.
The hobgoblin hits you but does no damage.
The kobold hits you but does no damage. The ball python closely misses you.
The ball python constricts you. You block the ball python's attack.
The ball python constricts you. The hobgoblin hits you.
* * * LOW HITPOINT WARNING * * *
The kobold hits you but does no damage.
You take 2 damage, and have 5/27 hp.
You block the ball python's attack. The ball python constricts you.
* * * LOW HITPOINT WARNING * * *
The hobgoblin hits you but does no damage.
The kobold closely misses you.
The ball python bites you but does no damage.
The ball python constricts you. You block the hobgoblin's attack.
The kobold closely misses you. The ball python closely misses you.
The ball python constricts you.
The hobgoblin hits you but does no damage.
The kobold hits you but does no damage. You block the ball python's attack.
The ball python constricts you. The hobgoblin hits you.
* * * LOW HITPOINT WARNING * * *
The kobold hits you but does no damage. The ball python barely misses you.
The ball python constricts you.
* * * LOW HITPOINT WARNING * * *
The ball python bites you but does no damage.
The ball python constricts you.
* * * LOW HITPOINT WARNING * * *
You block the hobgoblin's attack. The kobold hits you but does no damage.
You block the ball python's attack. The ball python constricts you.
You block the hobgoblin's attack. The kobold hits you but does no damage.
The ball python bites you.
* * * LOW HITPOINT WARNING * * *
The ball python constricts you. The hobgoblin hits you.
You die...
Kikubaaqudgha rasps: "You have failed me!
Welcome... death!"

... ##... ###....
#....# ##...).# .#
######..# #.###.#
##.♣.....# #.#...##
.♣gKS...# #.#.#...
♣.♣@.♣..# ......≈≈
♣.♣♣P♣.####.....≈#
#.♣)....###....#.≈#
#.....>.†...#.#.≈#
###...#####.#.#.≈#
##### #.#.#.≈#
#.#.#.≈# #.....≈##
###.))≈≈#


You could see a hobgoblin, a ball python and a kobold.

Vanquished Creatures
  A hobgoblin (D:1)
  2 kobolds (D:1)
  2 ball pythons (D:1)
  A bat (D:1)
  A frilled lizard (D:1)
  A goblin (D:1)
  2 rats (D:1)
10 creatures vanquished.

Notes
Turn   | Place    | Note
-------+----------+-------------------------------------------
     0 | D:1      | Iich the Hill Orc Fighter began the quest for the Orb.
     0 | D:1      | Reached XP level 1. HP: 19/19 MP: 1/1
    80 | D:1      | Upgraded the game from 0.31-a0-232-gb1c03b2570 to
                  | 0.31-a0-233-g139696dc86
   103 | D:1      | Found a faded altar of an unknown god.
   110 | D:1      | Reached XP level 2. HP: 27/27 MP: 2/2
   127 | D:1      | Prayed at the altar of an unknown god.
   127 | D:1      | Became a worshipper of Kikubaaqudgha
   127 | D:1      | Reached * piety under Kikubaaqudgha
   127 | D:1      | Received a gift from Kikubaaqudgha
   159 | D:1      | HP: 1/27 [ball python (2)]
   159 | D:1      | Slain by a hobgoblin

Illustrated notes

Levels and vault maps discovered:
D:1:      saegor_arrival_fortress, layout_basic, serial_shops,
          nicolae_shop_dealshenge, ebering_ecumenical_altar_petrified

Skill      XL: |  1 |
---------------+----+-----
Axes           | 3 |  3.4
Fighting       | |  3.8
Armour         | |  3.2
Shields        | |  3.2

Action                     || total
---------------------------++-------
  Melee: War axe           ||    21
 Armour: Scale mail        ||    39
  Dodge: Dodged            ||    35
  Block: Buckler           ||    27

Table legend: (Time is in decaauts)
 A = Elapsed time spent in this place.
 B = Non-inter-level travel time spent in this place.
 C = Inter-level travel time spent in this place.
 D = Time resting spent in this place.
 E = Time spent auto-exploring this place.
 F = Levels seen in this place.
 G = Mean time per level.
                   A        B        C        D        E       F      G
               +--------+--------+--------+--------+--------+-----+--------+
         Total |    167 |    167 |      0 |      0 |     74 |   1 |  167.0 |
       Dungeon |    167 |    167 |      0 |      0 |     74 |   1 |  167.0 |
               +--------+--------+--------+--------+--------+-----+--------+

Top non-repeatable levels by time:
     D:1: 167 daAuts
